 Dungeon Crawl Stone Soup version 0.21-a0-521-g1cd18d1 (webtiles) character file.

89 tof the Sneak (level 4, -5/30 HPs)
             Began as an Octopode Assassin on Dec 5, 2017.
             Killed from afar by Natasha (6 damage)
             ... with a magic dart
             ... on level 1 of the Dungeon.
             The game lasted 00:04:00 (1840 turns).

tof the Sneak (Octopode Assassin)                   Turns: 1840, Time: 00:04:01

Health: -5/30      AC:  1    Str: 10    XL:     4   Next: 55%
Magic:  4/4        EV: 13    Int: 13    God:
Gold:   98         SH:  0    Dex: 14    Spells: 3/3 levels left

rFire    . . .     SeeInvis .   b - +0 blowgun
rCold    . . .     Gourm    .   (no shield)
rNeg     . . .     Faith    .   (helmet restricted)
rPois    .         Spirit   .   (no amulet)
rElec    .         Reflect  .   k - ring of stealth
rCorr    .         Harm     .   (no ring)
MR       .....                  (no ring)
Stlth    +++++.....             (no ring)
HPRegen  0.10/turn              (no ring)
MPRegen  0.09/turn              (no ring)
                                (no ring)
                                (no ring)

@: slowed, very slow
A: almost no armour, stealthy swim, amphibious, 8 rings, constrict 8, camouflage
1, high mp 1, wild magic 1, gelatinous body 1, no potion heal 1
a: no special abilities


You were on level 1 of the Dungeon.
You were not hungry.

You visited 1 branch of the dungeon, and saw 2 of its levels.

You collected 98 gold pieces.

Inventory:

Hand Weapons
 a - a +1 dagger of holy wrath
 b - a +0 blowgun (weapon)
Missiles
 c - 2 poisoned needles (quivered)
 d - 2 curare-tipped needles
 q - 67 stones
Jewellery
 k - a ring of stealth (left tentacle)
 s - a +3 ring of intelligence {unknown}
Scrolls
 l - a scroll of blinking {unknown}
 n - a scroll of remove curse {unknown}
 r - 2 scrolls of identify {unknown}
 t - 3 scrolls of enchant armour {unknown}
Potions
 e - a potion of mutation
 j - a potion of brilliance {unknown}
 m - a potion of degeneration {unknown}
 o - a potion of berserk rage {unknown}
 p - a potion of curing {unknown}
Comestibles
 f - 2 bread rations
 g - 2 meat rations
 h - 2 fruits


   Skills:
 + Level 2.5 Fighting
 + Level 2.5 Short Blades
 + Level 2.5 Throwing
 + Level 1.8 Dodging
 * Level 6.4 Stealth


You had 3 spell levels left.
You didn't know any spells.

Dungeon Overview and Level Annotations

Branches:
Dungeon (2/15)

Altars:
The Shining One

Annotations:
D:1 Natasha


Innate Abilities, Weirdness & Mutations

You cannot wear most types of armour.
You are very stealthy in the water. (Stealth+)
You are amphibious.
You can wear up to eight rings at the same time.
You can use your tentacles to constrict eight enemies at once.
Your skin changes colour to match your surroundings (Stealth+).
Your rubbery body absorbs attacks. (AC +1, EV +1)
You have an increased reservoir of magic. (+10% MP)
Your spells are a little harder to cast, but a little more powerful.
Potions are less effective at restoring your health.


Message History

Natasha barely misses you.
You climb upwards.
There is a stone staircase leading down here.
Your +1 dagger of holy wrath stops glowing.
b - a +0 blowgun (weapon)
Natasha closely misses you.
You are too injured to fight recklessly!
Firing (i - inventory. (,) - cycle):
c - 3 poisoned needles (quivered)
Press: ? - help, Shift-Dir - straight line, f - Natasha
Aim: Natasha You shoot a poisoned needle.
The poisoned needle hits Natasha.
Natasha is poisoned.
Natasha claws you.
* * * LOW HITPOINT WARNING * * *
It was a potion of mutation.
You feel extremely strange.
You feel less in control of your magic.
Your system partially rejects the healing effects of potions.
You feel more energetic.
Natasha stares at you and mumbles some strange words.
The magic dart hits you!
You die...

#.##....<....##...#..#
#.....P...P.####....## #
####........##.....##
#####..................#
...................#####
##................##
รท..............####
####........#...##
###..........#..@#
#............##h#
#............####
#............#
##..........##
##...##...## ##########


You could see Natasha.

Vanquished Creatures
  Natasha (D:2)
  2 adders (D:2)
  5 dart slugs
  A leopard gecko (D:1)
  4 bats (D:1)
  A giant cockroach (D:2)
  4 goblins
  6 hobgoblins (D:2)
  8 frilled lizards
  3 kobolds (D:2)
  4 rats
39 creatures vanquished.

Notes
Turn   | Place    | Note
-------+----------+-------------------------------------------
     0 | D:1      | tof the Octopode Assassin began the quest for the Orb.
     0 | D:1      | Reached XP level 1. HP: 14/14 MP: 1/1
   292 | D:1      | Reached XP level 2. HP: 19/19 MP: 2/2
   683 | D:2      | Reached XP level 3. HP: 24/24 MP: 3/3
   785 | D:2      | Reached skill level 6 in Stealth
  1112 | D:2      | Reached XP level 4. HP: 24/30 MP: 4/4
  1271 | D:2      | Noticed Natasha
  1537 | D:2      | Killed Natasha
  1690 | D:2      | Found a glowing golden altar of the Shining One.
  1801 | D:2      | Noticed Natasha
  1839 | D:1      | HP: 1/30 [Natasha (5)]
  1840 | D:1      | Gained mutation: Your spells are a little harder to cast, but a little more powerful. [potion of mutation]
  1840 | D:1      | Gained mutation: Potions are less effective at restoring your health. [potion of mutation]
  1840 | D:1      | Gained mutation: You have an increased reservoir of magic. (+10% MP) [potion of mutation]
  1840 | D:1      | Killed from afar by Natasha

Vault maps used:
D:1:      dpeg_arrival_orchard
D:2:      minmay_strange_pillars, tso_metal_star, uniq_natasha

Skill      XL: |  1  2  3 |
---------------+----------+-----
Stealth        | 6 |  6.4
Fighting       | |  2.5
Short Blades   | |  2.5
Throwing       | |  2.5
Dodging        | |  1.8

Action                   |  1- 3 |  4- 6 || total
-------------------------+-------+-------++-------
Melee: Dagger            |    54 |    12 ||    66
       Constrict         |    13 |     3 ||    16
       Tentacles         |     5 |     1 ||     6
 Fire: Blowgun           |    22 |     5 ||    27
  Use: Potion            |       |     1 ||     1
 Stab: Sleeping          |     7 |     4 ||    11
  Eat: Chunk             |     1 |     2 ||     3
Armor: Skin              |     4 |       ||     4
Dodge: Dodged            |    26 |     6 ||    32

Table legend:
 A = Spawn XP
 B = Non-spawn XP
 C = Spawn XP percentage of total XP
 D = Spawn monster count
 E = Non-spawn monster count
 F = Spawn count percentage of total count
 G = Total turns spent on level
                    A         B        C        D         E        F      G
               +---------+---------+-------+---------+---------+-------+---------
         Total |       0 |     128 |   0.0 |       0 |      39 |   0.0 |  1840
               +---------+---------+-------+---------+---------+-------+---------
           D:1 |       0 |      33 |   0.0 |       0 |      16 |   0.0 |   905
           D:2 |       0 |      95 |   0.0 |       0 |      23 |   0.0 |   935
               +---------+---------+-------+---------+---------+-------+---------
